 Dungeon Crawl Stone Soup version 0.26.1-10-gdfb7c7de75 (webtiles) character file.

Game seed: 10011000884691061188

20 Revguard the Slasher (level 2, 0/22 HPs)
             Began as a Demonspawn Gladiator on Apr 12, 2021.
             Slain by a kobold
             ... wielding a +2 short sword of venom
              (4 damage)
             ... on level 1 of the Dungeon.
             The game lasted 00:01:28 (755 turns).

Revguard the Slasher (Demonspawn Gladiator)          Turns: 755, Time: 00:01:30

Health: 0/22       AC:  4    Str: 14    XL:     2   Next: 58%
Magic:  2/2        EV: 13    Int:  9    God:
Gold:   37         SH:  0    Dex: 14    Spells: 2/2 levels left

rFire    . . .     SeeInvis .   a - +0 long sword
rCold    . . .     Faith    .   (no shield)
rNeg     . . .     Spirit   .   b - +0 leather armour
rPois    .         Reflect  .   c - +0 helmet
rElec    .         Harm     .   (no cloak)
rCorr    .         Rampage  .   (no gloves)
Will     .....                  (no boots)
Stlth    +.........             (no amulet)
HPRegen  0.07/turn              (no ring)
MPRegen  0.08/turn              (no ring)

@: lethally poisoned (0 -> -12)
A: powered by death 1
a: no special abilities


You were on level 1 of the Dungeon.
You visited 1 branch of the dungeon, and saw 1 of its levels.

You collected 37 gold pieces.

Inventory:

Hand Weapons
 a - a +0 long sword (weapon)
Missiles
 d - 3 throwing nets (quivered)
Armour
 b - a +0 leather armour (worn)
 c - a +0 helmet (worn)
Scrolls
 e - a scroll of identify {unknown}
 h - a scroll of fog {unknown}
 i - a scroll of enchant weapon {unknown}
Potions
 f - 2 potions of might {unknown}
 g - a potion of curing {unknown}


   Skills:
 * Level 2.2 Fighting
 + Level 3.0 Long Blades
 + Level 1.8 Throwing
 + Level 2.9 Dodging
 * Level 0.1 Stealth
 * Level 0.5 Spellcasting


You had 2 spell levels left.
You didn't know any spells.
Your spell library was empty.

Dungeon Overview and Level Annotations

Branches:
Dungeon (1/15)

Altars:


Innate Abilities, Weirdness & Mutations

You regenerate a little health from kills.


Message History

You kill the kobold!
A kobold comes into view.
It is wielding a +2 short sword of venom.
The kobold throws a stone.
The stone hits you but does no damage.
Things that are here:
a stone; a cursed -3 dagger The kobold throws a stone.
The stone barely misses you.
You barely miss the kobold.
The kobold hits you with a +2 short sword of venom.
The kobold misses you.
You riposte.
You barely miss the kobold. You hit the kobold but do no damage.
The kobold barely misses you.
You closely miss the kobold.
The kobold hits you with a +2 short sword of venom.
You closely miss the kobold. The kobold barely misses you.
You hit the kobold.
The kobold is moderately wounded.
The kobold hits you with a +2 short sword of venom.
* * * LOW HITPOINT WARNING * * *
You are lethally poisoned!
The kobold hits you with a +2 short sword of venom.
You die...

+.......(......###
..###...##########..
..........[.... #..
+######.#####.# #..
#.......# #..
#.#.###.# #..
###+####.#...#.# #..
#......K.#...#.# ###
#.....@..#.###.#
#...(....#.# #.#
#..†.....#.# #+#
#.....!..#..
#........###
#(.......'.
#........##.
#........# .
#.........


You could see a kobold.

Vanquished Creatures
  An ooze (D:1)
  A leopard gecko (D:1)
  A goblin (D:1)
  5 hobgoblins (D:1)
  A bat (D:1)
  A frilled lizard (D:1)
  3 kobolds (D:1)
  A rat (D:1)
14 creatures vanquished.

Vanquished Creatures (others)
  3 plants (D:1)
3 creatures vanquished.

Grand Total: 17 creatures vanquished

Notes
Turn   | Place    | Note
-------+----------+-------------------------------------------
     0 | D:1      | Revguard the Demonspawn Gladiator began the quest for the
                  | Orb.
     0 | D:1      | Reached XP level 1. HP: 16/16 MP: 1/1
   380 | D:1      | Gained mutation: You regenerate a little health from kills.
                  | [demonic ancestry]
   380 | D:1      | Reached XP level 2. HP: 22/22 MP: 2/2
   731 | D:1      | Reached skill level 3 in Long Blades
   755 | D:1      | Slain by a kobold

Illustrated notes

Levels and vault maps discovered:
D:1:      minmay_arrival_solitary_statue, layout_basic, serial_forest,
          infiniplex_forest_straight_3, infiniplex_forest_lined_2,
          infiniplex_forest_end_1, infiniplex_forest_clump_long,
          infiniplex_forest_lined_1, infiniplex_forest_end_2

Skill      XL: |  1  2 |
---------------+-------+-----
Long Blades    | 3 |  3.0
Fighting       | |  2.2
Throwing       | |  1.8
Dodging        | |  2.9
Stealth        | |  0.1
Spellcasting   | |  0.5

Action                   || total
-------------------------++-------
Melee: Long sword        ||    44
Armor: Leather armour    ||    11
Dodge: Dodged            ||    30
       Rpst.: Long sword ||    12
